 Dungeon Crawl Stone Soup version 0.28-a0-514-g0d7ab7f379 (webtiles) character file.

Game seed: 70565080405868449

1298 speeev33 the Skirmisher (level 8, 0/53 HPs)
             Began as a Gargoyle Fighter on Sept 23, 2021.
             Was a Believer of Okawaru.
             Slain by an orc warrior (10 damage)
             ... on level 6 of the Dungeon.
             The game lasted 00:09:42 (6176 turns).

speeev33 the Skirmisher (Gargoyle Fighter)          Turns: 6176, Time: 00:09:43

Health: 0/53       AC: 30    Str: 21    XL:     8   Next: 56%
Magic:  6/8        EV:  8    Int: 10    God:    Okawaru [**....]
Gold:   185        SH:  5    Dex:  9    Spells: 7/7 levels left

rFire   . . .      SeeInvis .   a - +0 flail
rCold   . . .      Faith    .   c - +0 buckler
rNeg    + . .      Spirit   .   u - +0 plate armour
rPois   ∞          Reflect  .   (no helmet)
rElec   +          Harm     .   (no cloak)
rCorr   .          Rampage  .   n - +0 pair of gloves
Will    .....                   (no boots)
Stlth   ..........              (no amulet)
HPRegen 0.17/turn               f - +4 ring of protection
MPRegen 0.11/turn               q - +4 ring of protection

@: lit by a corona, heroic, glowing
A: sickness immunity, AC +5, negative energy resistance 1, electricity
resistance, torment resistance 1, petrification resistance
a: Renounce Religion, Heroism


You were on level 6 of the Dungeon.
You worshipped Okawaru.
Okawaru was pleased with you.
You visited 2 branches of the dungeon, and saw 7 of its levels.

You collected 185 gold pieces.

Inventory:

Hand Weapons
 a - a +0 flail (weapon)
Armour
 c - a +0 buckler (worn)
 n - a +0 pair of gloves (worn)
 u - a +0 plate armour (worn)
Jewellery
 f - a +4 ring of protection (left hand)
 o - a +6 ring of intelligence
 q - a +4 ring of protection (right hand)
Wands
 s - a wand of iceblast (6)
Scrolls
 e - 2 scrolls of amnesia
 p - a scroll of enchant armour
 r - 2 scrolls of identify
 t - a scroll of magic mapping {unknown}
 v - a scroll of fear
 w - a scroll of acquirement {unknown}
Potions
 b - 2 potions of degeneration {unknown}
 d - a potion of heal wounds {unknown}
 g - 3 potions of curing
 h - 2 potions of magic {unknown}
 i - a potion of mutation {unknown}
 j - 2 potions of attraction {unknown}
 k - a potion of flight {unknown}
 l - 2 potions of brilliance {unknown}
 m - a potion of cancellation {unknown}


   Skills:
 + Level 7.1(12.1) Fighting
 + Level 6.0(11.0) Maces & Flails
 + Level 7.0(12.0) Armour
 - Level 4.0(9.0) Shields


You had 7 spell levels left.
You didn't know any spells.
Your spell library contained the following spells:

 Spells                   Type           Power      Damage    Failure   Level
 Sandblast                Erth           0%         2d4       99%         1
 Sting                    Tmut/Pois      0%         1d3       99%         1
 Passwall                 Tmut/Erth      0%         N/A       100%        2
 Poisonous Vapours        Pois/Air       0%         N/A       100%        2
 Dazzling Flash           Conj/Hex       0%         N/A       100%        3
 Gell's Gravitas          Tloc           0%         N/A       100%        3
 Lesser Beckoning         Tloc           0%         N/A       100%        3
 Stone Arrow              Conj/Erth      0%         3d7       100%        3
 Teleport Other           Tloc           0%         N/A       100%        3
 Hailstorm                Conj/Ice       0%         3d3       100%        4
 Ice Form                 Ice/Tmut       0%         N/A       100%        4
 Iskenderun's Mystic Bla  Conj/Tloc      0%         2d3       100%        4
 Olgreb's Toxic Radiance  Pois           0%         N/A       100%        4
 Starburst                Conj/Fire      0%         6d3       100%        6
 Simulacrum               Ice/Necr       Unusable   N/A       N/A         6

Dungeon Overview and Level Annotations

Branches:
Dungeon (6/15)             Temple (1/1) D:4

Altars:
Dithmenos
Elyvilon
Fedhas
Gozag
Hepliaklqana
Kikubaaqudgha
Makhleb
Okawaru
Qazlal
Ru
Sif Muna
Trog
Uskayaw
Vehumet
Wu Jian
Xom
Yredelemnul
Zin
The Shining One

Shops:
D:1 [   D:3 *?(   D:4 *

Annotations:
D:4 1 runed translucent door, siradein's ghost, amateur HuFi


Innate Abilities, Weirdness & Mutations

You are immune to sickness and miasma.
Your stone body is resilient. (AC +5)
You are immune to poison.
You resist negative energy. (rN+)
You are resistant to electric shocks. (rElec)
You are resistant to unholy torment.
You are immune to petrification.


Message History

The orc warrior is moderately wounded.
The gnoll shaman hits you with a +0 whip.
The orc warrior hits you with a +2 vorpal trident.
You hit the orc warrior.
The orc warrior is heavily wounded.
The gnoll shaman calls upon its god to speed up the gnoll.
The gnoll seems to speed up.
The orc warrior hits you with a +2 vorpal trident!
You closely miss the orc warrior.
The orc warrior is heavily wounded.
You block the gnoll's attack. You block the gnoll shaman's attack.
The orc warrior hits you but does no damage.
You closely miss the orc warrior.
The orc warrior is heavily wounded.
The gnoll barely misses you.
The gnoll shaman hits you but does no damage.
The orc warrior hits you but does no damage.
The gnoll hits you from afar with a +0 halberd.
A gnoll comes into view. It is wielding a +0 flail.
You gain the combat prowess of a mighty hero.
The gnoll shouts!
You hear a shout!
The gnoll hits you but does no damage. You block the gnoll shaman's attack.
The orc warrior hits you with a +2 vorpal trident.
* * * LOW HITPOINT WARNING * * *
x2 The gnoll barely misses you.
You barely miss the orc warrior.
The orc warrior is heavily wounded.
The gnoll shaman hits you with a +0 whip.
* * * LOW HITPOINT WARNING * * *
You block the orc warrior's attack. The gnoll closely misses you.
You barely miss the orc warrior.
The orc warrior is heavily wounded.
The gnoll shaman mumbles some strange prayers to its god against you.
You are outlined in light.
You block the gnoll's attack.
The orc warrior hits you but does no damage.
You closely miss the orc warrior.
The orc warrior is moderately wounded.
You block the gnoll's attack. You block the gnoll shaman's attack.
The orc warrior hits you with a +2 vorpal trident!
You die...

#.#........ .######.#.#
#.#.#.###############.#.#
#.....................#.#
###....#### #######.#.#
o.o......# #.#.#
####..{..# #.#.# ##.#..#
#.#.#
#....############.#.#
##.#.......o@ggg..#.#
#....#############.#
##...# #.# #...# #.#
#...#. #.# ##..#.### #.#
#..#.#<# #.# #.>#.#.#.#
#.# .##.#.#.# #.#


You could see an orc warrior, a gnoll shaman and 2 gnolls.

Vanquished Creatures
  Grinder (D:3)
  Sigmund (D:6)
  A wraith (D:6)
  Menkaure (D:5)
  A sky beast (D:6)
  A black bear (D:5)
  A scorpion (D:5)
  A howler monkey (D:6)
  A centaur zombie (D:6)
  An orc priest (D:3)
  A hound (D:5)
  Jessica (D:2)
  An iguana (D:6)
  Terence (D:2)
  3 orc wizards
  A hound zombie (D:5)
  A hound skeleton (D:4)
  3 adders
  A river rat (D:5)
  An ufetubus (D:5)
  A dart slug (D:1)
  12 orcs
  6 bats
  5 endoplasms
  4 giant cockroaches
  8 goblins
  4 hobgoblins
  4 jackals (D:2)
  4 quokkas
  7 ball pythons
  2 frilled lizards
  3 kobolds
  6 rats
90 creatures vanquished.

Notes
Turn   | Place    | Note
-------+----------+-------------------------------------------
     0 | D:1      | speeev33 the Gargoyle Fighter began the quest for the Orb.
     0 | D:1      | Reached XP level 1. HP: 14/14 MP: 1/1
   324 | D:1      | Reached XP level 2. HP: 13/19 MP: 2/2
   483 | D:1      | Found a faded altar of an unknown god.
   498 | D:1      | Found Xenaelup's Antique Armour Shop.
  1129 | D:2      | Noticed Jessica
  1267 | D:2      | Noticed Terence
  1281 | D:2      | Killed Terence
  1282 | D:2      | Reached XP level 3. HP: 14/24 MP: 3/3
  1581 | D:2      | Found a stormy altar of Qazlal.
  1664 | D:2      | Reached XP level 4. HP: 23/29 MP: 4/4
  1762 | D:2      | Killed Jessica
  2115 | D:3      | Found Wadghe's Magic Scroll Shop.
  2159 | D:3      | You fall into a shaft and drop 2 floors!
  2159 | D:5      | Entered Level 5 of the Dungeon
  2223 | D:4      | Found Suoscheod's General Store.
  2227 | D:4      | Identified the +10 rapier of Corrom {pain, Int+2}
  2276 | D:4      | Reached XP level 5. HP: 32/33 MP: 5/5
  2575 | D:3      | Found Oghuab's Antique Weapon Shop.
  2663 | D:3      | Noticed Grinder
  2686 | D:3      | Killed Grinder
  2687 | D:3      | Reached skill level 5 in Fighting
  2687 | D:3      | Reached skill level 5 in Armour
  2687 | D:3      | Reached XP level 6. HP: 4/40 MP: 6/6
  3602 | D:3      | Found Datoug's Assorted Antiques.
  3808 | D:4      | Found a staircase to the Ecumenical Temple.
  3821 | Temple   | Entered the Ecumenical Temple
  3880 | Temple   | Became a worshipper of Warmaster Okawaru
  3943 | D:4      | Found a runed translucent door.
  3948 | D:4      | Noticed siradein's ghost (amateur HuFi)
  4813 | D:5      | Reached XP level 7. HP: 43/44 MP: 7/7
  5093 | D:5      | Noticed Menkaure
  5107 | D:5      | Killed Menkaure
  5107 | D:5      | Reached * piety under Okawaru
  5108 | D:5      | Reached skill level 5 in Maces & Flails
  5827 | D:6      | Noticed Sigmund
  5842 | D:6      | Killed Sigmund
  5843 | D:6      | Reached XP level 8. HP: 43/52 MP: 6/8
  6043 | D:6      | Noticed a wraith
  6057 | D:6      | Killed a wraith
  6057 | D:6      | Reached ** piety under Okawaru
  6176 | D:6      | Slain by an orc warrior

Illustrated notes

Levels and vault maps discovered:
D:1:      amcnicky_arrival_single_pillar, layout_basic, serial_shops,
          nicolae_shop_statue_plus, shapermc_ecumenical_altar_mp_ritualfount
D:2:      layout_rooms, basic_altar, minmay_pentomino_x2, uniq_jessica,
          uniq_terence
D:3:      layout_loops_cross, serial_shops, shop_statue, shop_scrolls, shop,
          minmay_misc_feat_pillars, uniq_grinder
D:4:      layout_cave_pods, minmay_temple_entry_butterflies,
          ebering_ghost_reflecting_pool, serial_shops, nicolae_shop_stone,
          chequers_big_river
D:5:      layout_loops_ring, portal_sewer_entry_c, uniq_menkaure
D:6:      layout_basic, uniq_sigmund
Temple:   regret_index_temple_sigil_plot

Skill      XL: |  1  2  3  4  5  6  7  8 |
---------------+-------------------------+-----
Fighting       | 4 5 6 7 |  7.1
Armour         | 4 5 6 7 |  7.0
Shields        | 4 |  4.0
Maces & Flails | 3 4 5 6 |  6.0

Action                   |  1- 3 |  4- 6 |  7- 9 || total
-------------------------+-------+-------+-------++-------
Melee: Flail             |    92 |   183 |   148 ||   423
Invok: Heroism           |       |       |     2 ||     2
  Use: Scroll            |     4 |     4 |       ||     8
       Potion            |       |     1 |       ||     1
Armor: Scale mail        |    39 |       |       ||    39
       Chain mail        |    20 |   118 |    39 ||   177
       Plate armour      |       |       |    77 ||    77
Dodge: Dodged            |    43 |    69 |    47 ||   159
Block: Buckler           |    23 |    39 |    33 ||    95

Table legend: (Time is in decaauts)
 A = Elapsed time spent in this place.
 B = Non-inter-level travel time spent in this place.
 C = Inter-level travel time spent in this place.
 D = Time resting spent in this place.
 E = Time spent auto-exploring this place.
 F = Levels seen in this place.
 G = Mean time per level.
                   A        B        C        D        E       F      G
               +--------+--------+--------+--------+--------+-----+--------+
         Total |   6283 |   6058 |    225 |   1784 |   3062 |   7 |  897.6 |
       Dungeon |   6188 |   5993 |    195 |   1784 |   3025 |   6 | 1031.3 |
        Temple |     94 |     64 |     30 |      0 |     37 |   1 |   94.0 |
               +--------+--------+--------+--------+--------+-----+--------+

Top non-repeatable levels by time:
     D:3: 1406 daAuts
     D:1: 1214 daAuts
     D:5: 1168 daAuts
     D:4: 1033 daAuts
     D:2: 939 daAuts
     D:6: 425 daAuts
  Temple: 94 daAuts
